 Dungeon Crawl Stone Soup version 0.30-a0-972-gf3ab3527aa (webtiles) character file.

Game seed: 15671635835702084162

3630 mopl the Thaumaturge (level 9, -1/46 HPs)
             Began as a Deep Elf Earth Elementalist on Mar 31, 2023.
             Was a Believer of Vehumet.
             Slain by a killer bee (7 damage)
             ... on level 7 of the Dungeon.
             The game lasted 00:11:52 (6027 turns).

mopl the Thaumaturge (Deep Elf Earth Elementalist)  Turns: 6027, Time: 00:11:53

Health: -1/46      AC:  8    Str:  5    XL:     9   Next: 87%
Magic:  23/23      EV: 13    Int: 23    God:    Vehumet [**....]
Gold:   452        SH:  5    Dex: 18    Spells: 15/24 levels left

rFire   . . .      SeeInvis .    a - +2 dagger (elec)
rCold   . . .      Faith    .    (no shield)
rNeg    + . .      Spirit   .    g - +0 robe
rPois   .          Reflect  +    i - +2 helmet
rElec   .          Rampage  .    n - +0 cloak
rCorr   .                        J - +0 pair of gloves
Will    .....                    H - +0 pair of boots of the Kettle-Drum {rN+ Int-2 Dex+3}
Stlth   ++++                     L - amulet of reflection
HPRegen 0.27/turn                (no ring)
MPRegen 0.18/turn                (no ring)

@: lethally poisoned (-1 -> -5)
A: no striking features
a: Renounce Religion


You were on level 7 of the Dungeon.
You worshipped Vehumet.
Vehumet was pleased with you.
You visited 2 branches of the dungeon, and saw 9 of its levels.

You collected 452 gold pieces.

Inventory:

Hand Weapons
 a - a +2 dagger of electrocution (weapon)
 b - a +2 short sword of speed
 m - the +7 quarterstaff of the Messenger {drain, *Slow Int+6 SInv}
   (You found it on level 2 of the Dungeon)

   Int:       It affects your intelligence (+6).
   SInv:      It lets you see invisible.
   *Slow:     It may slow you when you take damage.
Missiles
 h - 15 poisoned darts
 C - 8 boomerangs
Armour
 g - a +0 robe (worn)
 i - a +2 helmet (worn)
 n - a +0 cloak (worn)
 H - the +0 pair of boots of the Kettle-Drum (worn) {rN+ Int-2 Dex+3}
   (You found it on level 5 of the Dungeon)

   Int:       It affects your intelligence (-2).
   Dex:       It affects your dexterity (+3).
   rN:        It protects you from negative energy.
 J - a +0 pair of gloves (worn)
Magical Staves
 q - a staff of conjuration
 A - a staff of fire
Jewellery
 L - an amulet of reflection (around neck)
Wands
 z - a wand of acid (8)
Scrolls
 c - 8 scrolls of identify {unknown}
 d - 3 scrolls of amnesia {unknown}
 f - 2 scrolls of magic mapping {unknown}
 j - 3 scrolls of enchant armour {unknown}
 k - a scroll of vulnerability {unknown}
 l - 2 scrolls of butterflies {unknown}
 r - 5 scrolls of teleportation {unknown}
 s - a scroll of immolation {unknown}
 u - 4 scrolls of enchant weapon {unknown}
 x - 2 scrolls of fog {unknown}
 y - 3 scrolls of noise {unknown}
 F - a scroll of brand weapon {unknown}
Potions
 e - a potion of brilliance {unknown}
 o - 2 potions of heal wounds {unknown}
 p - 2 potions of flight {unknown}
 t - a potion of berserk rage {unknown}
 v - 3 potions of curing {unknown}
 w - a potion of cancellation {unknown}
 B - a potion of resistance {unknown}
 D - a potion of ambrosia {unknown}
 E - a potion of magic
 G - a potion of lignification {unknown}
 I - a potion of degeneration {unknown}
 K - 2 potions of mutation {unknown}


   Skills:
 + Level 0.9 Fighting
 + Level 5.5 Short Blades
 - Level 2.4 Dodging
 + Level 8.0 Stealth
 + Level 8.3 Spellcasting
 + Level 6.8 Hexes
 + Level 6.4 Transmutations
 + Level 7.2 Earth Magic


You had 15 spell levels left.
You knew the following spells:

 Your Spells              Type           Power      Damage    Failure   Level
a - Sandblast             Erth           84%        2d18      1%          1
b - Ensorcelled Hibernat  Hex/Ice        50%        N/A       2%          2
p - Passwall              Tmut/Erth      33%        N/A       1%          2
t - Petrify               Tmut/Erth      40%        N/A       4%          4

Your spell library contained the following spells:

 Spells                   Type           Power      Damage    Failure   Level
 Searing Ray              Conj           18%        2d5       11%         2
 Sting                    Tmut/Pois      96%        1d7       1%          1
 Wereblood                Tmut           39%        N/A       1%          2
 Stone Arrow              Conj/Erth      52%        3d10      4%          3
 Spider Form              Tmut/Pois      24%        N/A       5%          3
 Necrotise                Necr           36%        1d5       7%          1
 Lee's Rapid Deconstruct  Erth           21%        3d12*     10%         5
 Call Imp                 Summ           9%         N/A       11%         2
 Cigotuvi's Dreadful Rot  Necr/Pois/Air  18%        N/A       11%         2
 Poisonous Vapours        Pois/Air       18%        N/A       11%         2
 Sublimation of Blood     Necr           9%         N/A       11%         2
 Anguish                  Hex/Necr       12%        N/A       16%         4
 Fulminant Prism          Conj/Hex       12%        3d8       16%         4
 Kindle Blastsparks       Fire/Tloc/Air  18%        2d11      21%         3
 Dispel Undead            Necr           9%         3d8       56%         4
 Iskenderun's Mystic Bla  Conj/Tloc      9%         2d4       56%         4
 Olgreb's Toxic Radiance  Pois           9%         N/A       56%         4
 Enfeeble                 Hex            20%        N/A       98%         7
 Death Channel            Necr           4%         N/A       100%        6
 Spellforged Servitor     Conj/Summ      4%         N/A       100%        7
 Summon Hydra             Summ           4%         N/A       100%        7
 Borgnjor's Revivificati  Necr           4%         N/A       100%        8


Dungeon Overview and Level Annotations

Branches:
Dungeon (8/15)             Temple (1/1) D:5
   Lair: D:8-11

Altars:
Ashenzari
Cheibriados
Dithmenos
Fedhas
Gozag
Hepliaklqana
Makhleb
Okawaru
Qazlal
Ru
Sif Muna
Trog
Uskayaw
Vehumet
Wu Jian
Xom
Yredelemnul
Zin
The Shining One


Message History

Casting: Ensorcelled Hibernation (safe; 2% risk of failure)
Confirm with . or Enter, or press ? or * to list all spells.
Aiming: Ensorcelled Hibernation (safe; 2% risk of failure)
Press: ? - help, Shift-Dir - straight line, f - killer bee
Aim: a killer bee (chance to affect: 65%)
The killer bee struggles to resist.
The killer bee stings you but does no damage.
The yak gores you! The killer bee misses you.
Unknown command.
Casting: Ensorcelled Hibernation (safe; 2% risk of failure)
Confirm with . or Enter, or press ? or * to list all spells.
Aiming: Ensorcelled Hibernation (safe; 2% risk of failure)
Press: ? - help, Shift-Dir - straight line, f/p - killer bee
Aim: a killer bee (chance to affect: 65%)
The killer bee struggles to resist.
You block the killer bee's attack. The yak barely misses you.
The killer bee barely misses you.
Casting: Ensorcelled Hibernation (safe; 2% risk of failure)
Confirm with . or Enter, or press ? or * to list all spells.
Aiming: Ensorcelled Hibernation (safe; 2% risk of failure)
Press: ? - help, Shift-Dir - straight line, f/p - killer bee
Aim: a killer bee (chance to affect: 65%)
The killer bee struggles to resist.
The killer bee misses you. The yak closely misses you.
The killer bee stings you but does no damage.
You hit the killer bee.
The killer bee is lightly wounded.
The killer bee stings you.
You are poisoned.
The killer bee poisons you! The yak gores you!
* * * LOW HITPOINT WARNING * * *
The killer bee misses you.
You miss the killer bee.
The killer bee is lightly wounded.
* * * LOW HITPOINT WARNING * * *
You feel sick. The killer bee closely misses you. The yak closely misses you.
Unknown command.
Magic courses through your body.
* * * LOW HITPOINT WARNING * * *
You feel sick. The killer bee stings you!
You die...

# #o###.#
#.# #
#.#...# #.#
# #.#<###
#.# #.))#
#####.#
###.#
#.....# #.#
#.##### #.#
#.# #.# #Y#
#.# #@#
#########.#
#y#
..........#
##.#
#########.#
#..#
#.#####.##
#..(.....#
#######..#
#..# #..#


You could see a yak and a killer bee.

Vanquished Creatures
  Pikel (D:5)
  A shadow (D:7)
  Eustachio (D:4)
  2 yaks (D:8)
  A wyvern (D:8)
  A water moccasin (D:5)
  An ice beast (D:7)
  2 orc warriors
  2 black bears
  An ogre (D:7)
  2 centaurs (D:7)
  3 lemures (D:5)
  2 phantoms
  2 bullfrogs (D:7)
  A gnoll sergeant (D:7)
  5 scorpions
  Blork the orc (D:6)
  A killer bee (D:8)
  4 orc priests
  2 hounds
  4 jellies
  A gnoll bouda (D:4)
  Terence (D:2)
  2 sleepcaps
  8 orc wizards
  13 adders
  10 gnolls
  A shadow imp (D:8)
  A white imp (D:4)
  An ufetubus (D:5)
  2 worms (D:2)
  A dart slug (D:1)
  26 orcs
  11 ball pythons
  2 bats
  9 endoplasms
  7 giant cockroaches
  9 goblins
  7 hobgoblins
  2 jackals (D:1)
  5 kobolds
  4 quokkas
  5 frilled lizards
  A rat (D:2)
169 creatures vanquished.

Notes
Turn   | Place    | Note
-------+----------+-------------------------------------------
     0 | D:1      | mopl the Deep Elf Earth Elementalist began the quest for
                  | the Orb.
     0 | D:1      | Reached XP level 1. HP: 10/10 MP: 6/6
    99 | D:1      | Reached XP level 2. HP: 15/15 MP: 6/8
   134 | D:1      | Learned a level 2 spell: Passwall
   416 | D:1      | Reached skill level 3 in Stealth
   567 | D:1      | Reached XP level 3. HP: 19/19 MP: 7/10
   889 | D:2      | Reached skill level 2 in Transmutations
   895 | D:2      | Identified the +7 quarterstaff of the Messenger {drain,
                  | *Slow Int+6 SInv}
   921 | D:2      | Reached skill level 1 in Short Blades
   921 | D:2      | Reached XP level 4. HP: 21/24 MP: 5/11
   926 | D:2      | Learned a level 4 spell: Petrify
  1045 | D:2      | Reached skill level 4 in Spellcasting
  1045 | D:2      | Reached skill level 4 in Earth Magic
  1191 | D:2      | Learned a level 2 spell: Ensorcelled Hibernation
  1233 | D:2      | Found a faded altar of an unknown god.
  1326 | D:2      | Noticed Terence
  1346 | D:2      | Killed Terence
  1347 | D:2      | Reached XP level 5. HP: 12/28 MP: 1/13
  1708 | D:3      | Reached skill level 4 in Stealth
  2075 | D:3      | Reached skill level 1 in Hexes
  2366 | D:4      | Found a stormy altar of Qazlal.
  2424 | D:4      | Noticed Eustachio
  2427 | D:4      | Reached skill level 2 in Short Blades
  2510 | D:4      | Killed Eustachio
  2511 | D:4      | Reached skill level 2 in Hexes
  2511 | D:4      | Reached skill level 3 in Transmutations
  2511 | D:4      | Reached XP level 6. HP: 18/32 MP: 6/15
  2629 | D:4      | Reached skill level 5 in Spellcasting
  2641 | D:4      | Reached XP level 7. HP: 36/36 MP: 11/16
  2739 | D:4      | Reached skill level 5 in Stealth
  2850 | D:4      | Reached skill level 3 in Hexes
  2850 | D:4      | Reached skill level 5 in Earth Magic
  3361 | D:5      | Entered Level 5 of the Dungeon
  3370 | D:5      | Identified the +0 pair of boots of the Kettle-Drum {rN+
                  | Int-2 Dex+3}
  3398 | D:5      | Reached skill level 3 in Short Blades
  3398 | D:5      | Reached skill level 4 in Transmutations
  3649 | D:5      | Reached skill level 6 in Spellcasting
  3649 | D:5      | Reached XP level 8. HP: 41/41 MP: 13/19
  3752 | D:5      | Noticed Pikel
  3764 | D:5      | Killed Pikel
  3765 | D:5      | Reached skill level 6 in Stealth
  3765 | D:5      | Reached skill level 4 in Hexes
  3765 | D:5      | Found a staircase to the Ecumenical Temple.
  3845 | Temple   | Entered the Ecumenical Temple
  3987 | Temple   | Became a worshipper of Vehumet
  4011 | D:5      | Reached skill level 4 in Short Blades
  4181 | D:6      | Reached skill level 6 in Earth Magic
  4210 | D:6      | Reached skill level 5 in Transmutations
  4260 | D:6      | Reached skill level 5 in Hexes
  4495 | D:6      | Noticed Blork the orc
  4499 | D:6      | Killed Blork the orc
  4500 | D:6      | Reached skill level 7 in Spellcasting
  4565 | D:6      | Reached XP level 9. HP: 45/45 MP: 17/21
  5118 | D:7      | Reached * piety under Vehumet
  5118 | D:7      | Offered knowledge of Kiss of Death by Vehumet.
  5237 | D:7      | Reached skill level 7 in Stealth
  5374 | D:7      | Got the Catalogue of Formation and Black Magic
  5408 | D:7      | Reached skill level 6 in Hexes
  5415 | D:7      | Reached skill level 5 in Short Blades
  5673 | D:7      | Reached skill level 6 in Transmutations
  5913 | D:8      | Reached skill level 8 in Spellcasting
  5913 | D:8      | Reached skill level 7 in Earth Magic
  5984 | D:8      | Reached ** piety under Vehumet
  5984 | D:8      | Offered knowledge of Searing Ray by Vehumet.
  6006 | D:8      | Reached skill level 8 in Stealth
  6027 | D:7      | Slain by a killer bee

Illustrated notes

Levels and vault maps discovered:
D:1:      doesnt_arrival_eight_statues, layout_loops_corners, nrook_mini_vaults
D:2:      layout_loops_ring, hellmonk_ecumenical_altar_arch_garden,
          eino_tiny_chamber, hangedman_decor_growths,
          ebering_dispersal_statue_hall, minmay_tromino_i2, uniq_terence
D:3:      layout_basic
D:4:      layout_loops_ring, mainiacjoe_overflow_cross_hatched, uniq_eustachio
D:5:      layout_gridville, minmay_temple_entry_overgrown,
          kennysheep_pointless_box, sigmund_army, uniq_pikel
D:6:      layout_loops_corners, uniq_blork_the_orc
D:7:      layout_loops_ring, minmay_quadrilaterals
D:8:      layout_rooms, uniq_maggie
Temple:   mainiacjoe_temple_coin_purse

Skill      XL: |  1  2  3  4  5  6  7  8  9 |
---------------+----------------------------+-----
Stealth        | 3 4 5 6 8 |  8.0
Transmutations | 2 3 4 5 6 |  6.4
Short Blades   | 1 2 3 4 5 |  5.5
Spellcasting   | 4 5 6 7 8 |  8.3
Earth Magic    | 4 5 6 7 |  7.2
Hexes          | 2 3 5 6 |  6.8
Fighting       | |  0.9
Dodging        | |  2.4

Action                     |  1- 3 |  4- 6 |  7- 9 || total
---------------------------+-------+-------+-------++-------
  Melee: Short sword       |       |    20 |       ||    20
         Punch             |       |     1 |       ||     1
         Dagger            |       |       |    38 ||    38
   Cast: Sandblast         |    39 |    81 |   142 ||   262
         Petrify           |       |     2 |    12 ||    14
         Passwall          |       |     1 |     1 ||     2
         Ensorcelled Hiber |       |       |    17 ||    17
    Use: Potion            |       |       |     1 ||     1
   Stab: Sleeping          |       |     1 |    10 ||    11
         Petrified         |       |     6 |    16 ||    22
         Petrifying        |       |       |     1 ||     1
 Armour: Robe              |     2 |    19 |    37 ||    58
  Dodge: Dodged            |     4 |    46 |    96 ||   146
  Block: Other             |       |       |     8 ||     8

Table legend: (Time is in decaauts)
 A = Elapsed time spent in this place.
 B = Non-inter-level travel time spent in this place.
 C = Inter-level travel time spent in this place.
 D = Time resting spent in this place.
 E = Time spent auto-exploring this place.
 F = Levels seen in this place.
 G = Mean time per level.
                   A        B        C        D        E       F      G
               +--------+--------+--------+--------+--------+-----+--------+
         Total |   6139 |   5978 |    161 |    390 |   4306 |   9 |  682.1 |
       Dungeon |   5983 |   5860 |    123 |    390 |   4204 |   8 |  747.9 |
        Temple |    155 |    117 |     38 |      0 |    102 |   1 |  155.0 |
               +--------+--------+--------+--------+--------+-----+--------+

Top non-repeatable levels by time:
     D:4: 1011 daAuts
     D:7: 961 daAuts
     D:1: 893 daAuts
     D:6: 836 daAuts
     D:3: 782 daAuts
     D:2: 739 daAuts
     D:5: 637 daAuts
  Temple: 155 daAuts
     D:8: 121 daAuts
